 Dungeon Crawl Stone Soup version 0.25-a0-424-g80bd347 (webtiles) character file.

Game seed: 13848101368119890473, levelgen mode: deterministic

39 2tousent the Caller (level 3, 0/25 HPs)
             Began as a Gnoll Summoner on Jan 22, 2020.
             Slain by a jackal (2 damage)
             ... on level 2 of the Dungeon.
             The game lasted 00:05:04 (2190 turns).

2tousent the Caller (Gnoll Summoner)                Turns: 2190, Time: 00:05:05

Health: 0/25       AC:  2    Str: 11    XL:     3   Next: 47%
Magic:  6/9        EV: 14    Int: 17    God:
Gold:   49         SH:  0    Dex: 15    Spells: 6/12 levels left

rFire    . . .     SeeInvis .   h - +0 whip (elec)
rCold    . . .     Gourm    .   (no shield)
rNeg     . . .     Faith    .   a - +0 robe
rPois    +         Spirit   .   (no helmet)
rElec    .         Reflect  .   (no cloak)
rCorr    .         Harm     .   (no gloves)
MR       .....                  (no boots)
Stlth    +++.......             (no amulet)
HPRegen  0.08/turn              b - ring of poison resistance
MPRegen  0.11/turn              (no ring)

@: no status effects
A: distributed training, fangs 1, strong nose
a: no special abilities


You were on level 2 of the Dungeon.
You were not hungry.

You visited 1 branch of the dungeon, and saw 2 of its levels.

You collected 49 gold pieces.

Inventory:

Hand Weapons
 f - a +1 dagger of venom
 h - a +0 whip of electrocution (weapon)
Armour
 a - a +0 robe (worn)
Jewellery
 b - a ring of poison resistance (left hand)
Scrolls
 d - a scroll of fog
 g - a scroll of teleportation
Potions
 e - a potion of ambrosia {unknown}
 i - a potion of brilliance {unknown}
Comestibles
 c - a ration


   Skills:
 + Level 0.8 Fighting
 + Level 0.8 Short Blades
 + Level 0.8 Long Blades
 + Level 0.8 Axes
 + Level 0.8 Maces & Flails
 + Level 0.8 Polearms
 + Level 0.8 Staves
 + Level 0.8 Slings
 + Level 0.8 Bows
 + Level 0.8 Crossbows
 + Level 0.8 Throwing
 + Level 0.8 Armour
 + Level 4.5 Dodging
 + Level 4.1 Stealth
 + Level 0.8 Shields
 + Level 0.8 Unarmed Combat
 + Level 5.0 Spellcasting
 + Level 0.5 Conjurations
 + Level 0.5 Hexes
 + Level 0.5 Charms
 + Level 7.1 Summonings
 + Level 0.5 Necromancy
 + Level 0.5 Translocations
 + Level 0.5 Transmutations
 + Level 0.5 Fire Magic
 + Level 0.5 Ice Magic
 + Level 0.5 Air Magic
 + Level 0.5 Earth Magic
 + Level 0.5 Poison Magic
 + Level 1.0 Invocations
 + Level 0.8 Evocations


You had 6 spell levels left.
You knew the following spells:

 Your Spells              Type           Power        Failure   Level  Hunger
a - Summon Small Mammal   Summ           ####         1%          1    None
b - Call Imp              Summ           ####....     1%          2    #......
c - Call Canine Familiar  Summ           ####....     2%          3    ###....

Your spell library contained the following spells:

 Spells                   Type           Power        Failure   Level  Hunger
 Summon Guardian Golem    Hex/Summ       ###.....     9%          3    ###....
 Summon Ice Beast         Ice/Summ       ###.....     28%         4    ####...
 Summon Lightning Spire   Summ/Air       ###.....     28%         4    ####...


Dungeon Overview and Level Annotations

Branches:
Dungeon (2/15)

Altars:
Trog


Innate Abilities, Weirdness & Mutations

Your experience applies equally to all skills.
You have very sharp teeth.
Your uncanny sense of smell can sniff out nearby items.


Message History

The jackal barely misses you.
You hit the jackal. Lightning courses through the jackal!!
You kill the jackal!
Your Invocations skill increases to level 1!
The jackal bites you.
Your hound bites the jackal but does no damage.
You hit the jackal but do no damage. Your bite misses the jackal.
The jackal barely misses you. The jackal bites you.
Your hound closely misses the jackal.
The jackal bites you but does no damage.
The jackal bites you.
* * * LOW HITPOINT WARNING * * *
You barely miss the jackal.
Your hound bites the jackal.
The jackal bites you.
* * * LOW HITPOINT WARNING * * *
The jackal bites you.
* * * LOW HITPOINT WARNING * * *
Your hound bites the jackal.
You closely miss the jackal. You bite the jackal, but do no damage.
The jackal bites you.
You die...

.# #.# . ...
# # #.# # #.#
#.# ..# ..
#.# #.#
#.##h######
#.#
#.h@h.....#
#.#
..####.###.##
..#
..........#
..#
...####.#.#
..# #.#.# ..#
..#.# ..#
####.# ..##
#.# รท..#####
#... #.#


You could see 2 jackals and a friendly hound.

Vanquished Creatures
  An adder (D:2)
  A dart slug (D:1)
  A leopard gecko (D:2)
  2 bats
  2 goblins
  2 hobgoblins (D:2)
  2 jackals (D:2)
  A ball python (D:2)
  2 kobolds
  4 rats
18 creatures vanquished.

Vanquished Creatures (collateral kills)
  A leopard gecko (D:1)
  A bat (D:1)
  4 goblins
  3 jackals (D:1)
  A ball python (D:1)
  3 kobolds
  A rat (D:1)
14 creatures vanquished.

Grand Total: 32 creatures vanquished

Notes
Turn   | Place    | Note
-------+----------+-------------------------------------------
     0 | D:1      | 2tousent the Gnoll Summoner began the quest for the Orb.
     0 | D:1      | Reached XP level 1. HP: 13/13 MP: 6/6
    50 | D:1      | You fall into a shaft and drop 1 floor!
   241 | D:1      | Reached XP level 2. HP: 19/19 MP: 4/7
   282 | D:1      | Learned a level 2 spell: Call Imp
  1426 | D:2      | Found a bloodstained altar of Trog.
  1849 | D:2      | Reached XP level 3. HP: 25/25 MP: 9/9
  1854 | D:2      | Learned a level 3 spell: Call Canine Familiar
  1872 | D:2      | Reached skill level 5 in Spellcasting
  2187 | D:2      | Reached skill level 1 in Invocations
  2190 | D:2      | Slain by a jackal

Levels and vault maps discovered:
D:1:      tarquinn_simple_flora_water_e, layout_basic, serial_bayou_lake_a
D:2:      layout_basic, nicolae_overflow_crystal_walls, first_ration,
          minmay_rat_gold_closets, uniq_crazy_yiuf_cottage

Skill      XL: |  1  2  3 |
---------------+----------+-----
Spellcasting   | 5 |  5.0
Invocations    | 1 |  1.0
Fighting       | |  0.8
Short Blades   | |  0.8
Long Blades    | |  0.8
Axes           | |  0.8
Maces & Flails | |  0.8
Polearms       | |  0.8
Staves         | |  0.8
Slings         | |  0.8
Bows           | |  0.8
Crossbows      | |  0.8
Throwing       | |  0.8
Armour         | |  0.8
Dodging        | |  4.5
Stealth        | |  4.1
Shields        | |  0.8
Unarmed Combat | |  0.8
Conjurations   | |  0.5
Hexes          | |  0.5
Charms         | |  0.5
Summonings     | |  7.1
Necromancy     | |  0.5
Translocations | |  0.5
Transmutations | |  0.5
Fire Magic     | |  0.5
Ice Magic      | |  0.5
Air Magic      | |  0.5
Earth Magic    | |  0.5
Poison Magic   | |  0.5
Evocations     | |  0.8

Action                   || total
-------------------------++-------
Melee: Unarmed           ||    51
       Bite              ||     8
       Dagger            ||     4
       Whip              ||    28
 Cast: Summon Small Mamm ||    11
       Call Imp          ||     8
       Call Canine Famil ||     2
  Use: Scroll            ||     3
       Potion            ||     1
 Stab: Sleeping          ||     6
  Eat: Ration            ||     1
       Chunk             ||     1
Armor: Robe              ||    23
Dodge: Dodged            ||    94

Table legend:
 A = Non-vault XP
 B = Vault XP
 C = Vault XP percentage of total XP
 D = Non-vault monster count
 E = Vault monster count
 F = Vault count percentage of total count
                 A         B        C        D         E       F
            +---------+---------+-------+---------+---------+-------
      Total |      57 |       0 |   0.0 |      32 |       0 |   0.0
            +---------+---------+-------+---------+---------+-------
        D:1 |      23 |       0 |   0.0 |      17 |       0 |   0.0
        D:2 |      34 |       0 |   0.0 |      15 |       0 |   0.0
            +---------+---------+-------+---------+---------+-------
